 Dungeon Crawl Stone Soup version 0.31-b1-17-gcfd88c8481 (webtiles) character file.

Game seed: 12766964619050016968

88 booth the Chopper (level 4, -2/41 HPs)
             Began as a Minotaur Fighter on Jan 15, 2024.
             Slain by a gnoll
             ... wielding a +0 club
              (7 damage)
             ... on level 2 of the Dungeon.
             The game lasted 00:05:57 (1467 turns).

booth the Chopper (Minotaur Fighter)                Turns: 1467, Time: 00:05:58

Health: -2/41      AC:  6    Str: 20    XL:     4   Next: 30%
Magic:  0/3        EV:  9    Int:  7    God:
Gold:   115        SH:  4    Dex: 10    Spells: 3/3 levels left

rFire   . . .        a - +0 war axe
rCold   . . .        c - +0 buckler
rNeg    + . .        b - +0 scale mail
rPois   .            (helmet restricted)
rElec   .            (no cloak)
rCorr   .            (no gloves)
SInv    .            (no boots)
Will    .....        i - amulet of guardian spirit Stlth
                     l - ring of positive energy
HPRegen 0.26/turn    (no ring)
MPRegen 0.08/turn

%: guardian spirit
@: no status effects
A: horns 2, retaliatory headbutt
a: no special abilities


You were on level 2 of the Dungeon.
You visited 1 branch of the dungeon, and saw 2 of its levels.

You collected 115 gold pieces.

Inventory:

Hand Weapons
 a - a +0 war axe (weapon)
Armour
 b - a +0 scale mail (worn)
 c - a +0 buckler (worn)
Jewellery
 i - an amulet of guardian spirit (around neck)
 l - a ring of positive energy (left hand)
 p - a ring of positive energy
Scrolls
 e - a scroll of fear {unknown}
 h - a scroll of enchant armour {unknown}
 n - a scroll of fog {unknown}
Potions
 d - a potion of might
 f - 2 potions of heal wounds
 g - a potion of cancellation
 j - 2 potions of curing {unknown}
 k - a potion of brilliance {unknown}
 m - a potion of haste {unknown}


   Skills:
 + Level 4.6 Fighting
 * Level 4.7 Axes
 - Level 3.6 Armour
 - Level 3.6 Shields


You had 3 spell levels left.
You didn't know any spells.
Your spell library was empty.

Dungeon Overview and Level Annotations

Branches:
Dungeon (2/15)

Altars:

Annotations:
D:2 1 runed translucent door, Crazy Yiuf


Innate Abilities, Weirdness & Mutations

You have a pair of horns on your head.
You reflexively headbutt those who attack you in melee.


Message History

The gnoll is almost dead.
The gnoll hits you with a +0 vampiric spear.
The gnoll closely misses you.
You slash the gnoll!
You kill the gnoll!
The gnoll barely misses you. The gnoll attacks as it pursues you!
The gnoll barely misses you.
A gnoll comes into view. It is wielding a +0 halberd.
The gnoll barely misses you. The gnoll misses you.
You closely miss the gnoll. Your headbutt misses the gnoll.
You block the gnoll's attack.
You hit the gnoll.
The gnoll is heavily wounded.
The gnoll barely misses you.
You closely miss the gnoll.
The gnoll is heavily wounded.
You block the gnoll's attack.
The gnoll hits you with a +1 halberd of protection.
You hit the gnoll but do no damage.
The gnoll is heavily wounded.
The gnoll hits you with a +1 halberd of protection.
You barely miss the gnoll. You headbutt the gnoll!
The gnoll is almost dead.
The gnoll completely misses you.
You hit the gnoll.
You kill the gnoll!
You hit the gnoll but do no damage. The gnoll barely misses you.
You hit the gnoll. Your headbutt misses the gnoll.
The gnoll is moderately wounded.
The gnoll hits you with a +0 club. x2
* * * LOW HITPOINT WARNING * * *
You hit the gnoll but do no damage. You headbutt the gnoll!
The gnoll is almost dead.
The gnoll hits you with a +0 club!
* * * LOW HITPOINT WARNING * * *
You hit the gnoll but do no damage. Your headbutt misses the gnoll.
The gnoll is almost dead.
The gnoll hits you with a +0 club!
You die...

.# ##.###.# #.# #.#.## ## .###
##.#.##.# #.# #....###. ...#
#.#.#.### #.# #........ ##<#
#.#.#†## #.# #....#### #.#
#g###.#.## #.# #.#.## #.#
#g##.##g#.## #.# #.#.# ###
#S##.#.##S#.###.. ....#####
#.##.#.#.##g#.#### ##.....>..
#.##.#.#.#.##@#.## #.#######
#.##.#.##..#.##.#.### #.
.##.#.##††#.##.#.##.## .#
##.#[##..#.##.#†##...##.#
##.#.##.#(.##.#.##.#..##.#######
##.#.##.#..##.#.##.#.#.##.##.....
#.#.##.#..##.#.##.#.##...........
##.#.##.#.#.#.##.#.###.##..#.####
##.#.##.#.#.##.#.##...##.#..#


You could see 2 gnolls and an adder.

Vanquished Creatures
  2 gnolls (D:2)
  3 adders (D:2)
  A dart slug (D:1)
  2 ribbon worms (D:2)
  2 giant cockroaches (D:1)
  2 goblins
  4 hobgoblins
  2 jackals (D:1)
  3 kobolds
  4 quokkas (D:1)
  4 ball pythons
  2 bats
  3 frilled lizards
  2 rats (D:2)
36 creatures vanquished.

Notes
Turn   | Place    | Note
-------+----------+-------------------------------------------
     0 | D:1      | booth the Minotaur Fighter began the quest for the Orb.
     0 | D:1      | Reached XP level 1. HP: 19/19 MP: 0/0
   400 | D:1      | Reached XP level 2. HP: 27/27 MP: 1/1
  1096 | D:2      | Reached XP level 3. HP: 29/33 MP: 2/2
  1222 | D:2      | Found a runed translucent door.
  1223 | D:2      | Noticed Crazy Yiuf
  1441 | D:2      | Reached XP level 4. HP: 29/41 MP: 3/3
  1467 | D:2      | Slain by a gnoll

Illustrated notes

Levels and vault maps discovered:
D:1:      grunt_arrival_crossed_arrows, layout_loops_corners,
          nicolae_figureground_pulse
D:2:      minmay_inner_zag, layout_loops_ring, basic_altar,
          corexii_leaking_fountain, uniq_crazy_yiuf_cottage, uniq_sigmund

Skill      XL: |  1  2  3 |
---------------+----------+-----
Axes           | 3 4 |  4.7
Fighting       | 4 |  4.6
Armour         | |  3.6
Shields        | |  3.6

Action                     |  1- 3 |  4- 6 || total
---------------------------+-------+-------++-------
  Melee: War axe           |    71 |    15 ||    86
         Headbutt          |     8 |     4 ||    12
  Throw: Dart              |       |     2 ||     2
    Use: Scroll            |     3 |       ||     3
         Potion            |     1 |       ||     1
   Stab: Invisible         |       |     1 ||     1
 Armour: Scale mail        |    46 |    13 ||    59
  Dodge: Dodged            |    32 |    11 ||    43
  Block: Buckler           |    10 |     3 ||    13
